| TOP OF THE 1ST |
|
Charleston RiverDogs batting - Pitching for Lake County Captains : LHP Darrell Verkaik
|
|
Pitching: LHP Darrell Verkaik
|
|
|
Batting: LHB Justin O'Neal
|
0-0: Ball 1-0: Ball 2-0: Ball 3-0: Called Strike 3-1: Base on Balls
|
|
Batting: RHB Iften Olujimi
|
0-0: Hit by Pitch Justin O'Neal to second
|
|
Batting: RHB Bryan Westray
|
0-0: Ball 1-0: Foul Ball, location: 2F 1-1: Ball 2-1: Ball 3-1: Foul Ball, location: 2F 3-2: Foul Ball, location: 2F 3-2: Fielders Choice at 2nd, 5-4 (Groundball, 5, EV 83.8 MPH) Justin O'Neal to third
|
|
Batting: RHB Bill Nguyen-Tan
|
0-0: Called Strike 0-1: Swinging Strike 0-2: Foul Ball, location: 2F 0-2: Fly out, F4 (Line Drive, 4, EV 68.1 MPH)
|
|
Batting: LHB Sean Trueblood
|
0-0: Called Strike 0-1: Called Strike 0-2: Strikes out swinging
|
| Top of the 1st over - 0 runs, 0 hits, 0 errors, 2 left on base; Charleston 0 - Lake County 0 |
| BOTTOM OF THE 1ST |
|
Lake County Captains batting - Pitching for Charleston RiverDogs : RHP Bill Setzer
|
|
Pitching: RHP Bill Setzer
|
|
|
Batting: RHB Steve Gusman
|
0-0: SINGLE (Groundball, 4D, EV 106.2 MPH)
|
|
Batting: RHB Reynaldo Herrera
|
0-0: Called Strike 0-1: Fly out, F3 (Popup, 3SF, EV 65.0 MPH)
|
|
Batting: LHB Danny Moreno
|
0-0: Called Strike Steve Gusman is caught stealing 2nd base 2-6 0-1: Ball 1-1: SINGLE (Flyball, 8RM, EV 90.0 MPH)
|
|
Batting: RHB Ricky Butts
|
0-0: Ball 1-0: Called Strike Danny Moreno steals 2nd base 1-1: Called Strike 1-2: Strikes out swinging
|
| Bottom of the 1st over - 0 runs, 2 hits, 0 errors, 1 left on base; Charleston 0 - Lake County 0 |
| TOP OF THE 2ND |
|
Charleston RiverDogs batting - Pitching for Lake County Captains : LHP Darrell Verkaik
|
|
Batting: RHB John Sprenkel
|
0-0: Foul Ball, location: 2F 0-1: Ball 1-1: SINGLE (Groundball, 6MD, EV 103.1 MPH)
|
|
Batting: RHB Matt Alderson
|
0-0: Called Strike 0-1: Ball 1-1: Called Strike John Sprenkel is caught stealing 2nd base 2-4 1-2: Ball 2-2: SOLO HOME RUN (Flyball, 8RXD, EV 111.2 MPH), Distance : 436 ft
|
|
Batting: RHB Louwe Starmans
|
0-0: Ball 1-0: Foul Ball, location: 2F 1-1: Swinging Strike 1-2: Ball 2-2: Ball 3-2: Strikes out swinging
|
|
Batting: SHB Houston Phillips
|
0-0: Foul Ball, location: 2F 0-1: Swinging Strike 0-2: Ball 1-2: Strikes out swinging
|
| Top of the 2nd over - 1 run, 2 hits, 0 errors, 0 left on base; Charleston 1 - Lake County 0 |
| BOTTOM OF THE 2ND |
|
Lake County Captains batting - Pitching for Charleston RiverDogs : RHP Bill Setzer
|
|
Batting: RHB Shane Smith
|
0-0: Ball 1-0: Foul Ball, location: 2F 1-1: Foul Ball, location: 2F 1-2: Ball 2-2: Ball 3-2: Foul Ball, location: 2F 3-2: Strikes out swinging
|
|
Batting: RHB Josh Stinnett
|
0-0: Ball 1-0: Fly out, F7 (Flyball, 7D, EV 102.5 MPH)
|
|
Batting: RHB Seth Rutz
|
0-0: Ball 1-0: Ground out 6-3 (Groundball, 6, EV 107.5 MPH)
|
| Bottom of the 2nd over - 0 runs, 0 hits, 0 errors, 0 left on base; Charleston 1 - Lake County 0 |
| TOP OF THE 3RD |
|
Charleston RiverDogs batting - Pitching for Lake County Captains : LHP Darrell Verkaik
|
|
Batting: LHB Justin O'Neal
|
0-0: Ground out 6-3 (Groundball, 56D, EV 103.1 MPH)
|
|
Batting: RHB Iften Olujimi
|
0-0: Fly out, F7 (Flyball, 7S, EV 87.5 MPH)
|
|
Batting: RHB Bryan Westray
|
0-0: Ground out 5-3 (Groundball, 56, EV 91.2 MPH)
|
| Top of the 3rd over - 0 runs, 0 hits, 0 errors, 0 left on base; Charleston 1 - Lake County 0 |
| BOTTOM OF THE 3RD |
|
Lake County Captains batting - Pitching for Charleston RiverDogs : RHP Bill Setzer
|
|
Batting: RHB Vij Ramamani
|
0-0: Ball 1-0: Ball 2-0: Ball 3-0: Base on Balls
|
|
Batting: RHB Chris Rosinsky
|
0-0: Foul Ball, location: 2F 0-1: Swinging Strike 0-2: Foul Ball, location: 2F 0-2: Ball 1-2: Strikes out swinging
|
|
Batting: RHB Steve Gusman
|
0-0: Ball 1-0: Called Strike 1-1: Ball Vij Ramamani steals 2nd base (no throw) 2-1: Swinging Strike 2-2: Foul Ball, location: 2F 2-2: Strikes out looking
|
|
Batting: RHB Reynaldo Herrera
|
0-0: Called Strike 0-1: Called Strike 0-2: Foul Ball, location: 2F 0-2: Ball 1-2: DOUBLE (Line Drive, 5D, EV 95.6 MPH) Vij Ramamani scores
|
|
Batting: LHB Danny Moreno
|
0-0: Called Strike 0-1: Foul Ball, location: 2F 0-2: Ball 1-2: Ball 2-2: Fly out, F8 (Flyball, 8LM, EV 95.0 MPH)
|
| Bottom of the 3rd over - 1 run, 1 hit, 0 errors, 1 left on base; Charleston 1 - Lake County 1 |
| TOP OF THE 4TH |
|
Charleston RiverDogs batting - Pitching for Lake County Captains : LHP Darrell Verkaik
|
|
Batting: RHB Bill Nguyen-Tan
|
0-0: Ball 1-0: Foul Ball, location: 2F 1-1: Foul Ball, location: 2F 1-2: Strikes out swinging
|
|
Batting: LHB Sean Trueblood
|
0-0: Foul Ball, location: 2F 0-1: Foul Ball, location: 2F 0-2: Foul Ball, location: 2F 0-2: Foul Ball, location: 2F 0-2: Fly out, F8 (Line Drive, 8LM, EV 93.1 MPH)
|
|
Batting: RHB John Sprenkel
|
0-0: Foul Ball, location: 2F 0-1: Ball 1-1: Ball 2-1: Fly out, F9 (Flyball, 9, EV 70.6 MPH)
|
| Top of the 4th over - 0 runs, 0 hits, 0 errors, 0 left on base; Charleston 1 - Lake County 1 |
| BOTTOM OF THE 4TH |
|
Lake County Captains batting - Pitching for Charleston RiverDogs : RHP Bill Setzer
|
|
Batting: RHB Ricky Butts
|
0-0: Ball 1-0: Foul Ball, location: 2F 1-1: Fly out, F3 (Popup, 3SF, EV 75.0 MPH)
|
|
Batting: RHB Shane Smith
|
0-0: Ball 1-0: Ball 2-0: Foul Ball, location: 2F 2-1: Called Strike 2-2: Ball 3-2: Fly out, F7 (Flyball, 7LM, EV 93.8 MPH)
|
|
Batting: RHB Josh Stinnett
|
0-0: Ball 1-0: Foul Ball, location: 2F 1-1: Called Strike 1-2: Strikes out looking
|
| Bottom of the 4th over - 0 runs, 0 hits, 0 errors, 0 left on base; Charleston 1 - Lake County 1 |
| TOP OF THE 5TH |
|
Charleston RiverDogs batting - Pitching for Lake County Captains : LHP Darrell Verkaik
|
|
Batting: RHB Matt Alderson
|
0-0: Ball 1-0: Called Strike 1-1: Foul Ball, location: 2F 1-2: Strikes out swinging
|
|
Pitching: RHP Gilbert Paparelli
|
|
|
Batting: RHB Louwe Starmans
|
0-0: Called Strike 0-1: Ball 1-1: Ball 2-1: Called Strike 2-2: Strikes out looking
|
|
Batting: SHB Houston Phillips
|
0-0: Swinging Strike 0-1: Called Strike 0-2: Ball 1-2: Strikes out swinging
|
| Top of the 5th over - 0 runs, 0 hits, 0 errors, 0 left on base; Charleston 1 - Lake County 1 |
| BOTTOM OF THE 5TH |
|
Lake County Captains batting - Pitching for Charleston RiverDogs : RHP Bill Setzer
|
|
Batting: RHB Seth Rutz
|
0-0: Called Strike 0-1: Ball 1-1: Swinging Strike 1-2: Reached on error, E3 (Groundball, 34, EV 87.5 MPH)
|
|
Batting: RHB Vij Ramamani
|
0-0: Ball Passed Ball! Seth Rutz to third 1-0: Called Strike 1-1: Called Strike 1-2: Foul Ball, location: 2F 1-2: Strikes out swinging
|
|
Batting: RHB Chris Rosinsky
|
0-0: Ball 1-0: Ball 2-0: Called Strike 2-1: Called Strike 2-2: Ground out 2-3 (Groundball, 15S, EV 69.4 MPH)
|
|
Batting: RHB Steve Gusman
|
0-0: Foul Ball, location: 2F 0-1: Ball 1-1: SINGLE (Line Drive, 89S, EV 100.0 MPH) Seth Rutz scores
|
|
Batting: RHB Reynaldo Herrera
|
0-0: Ball 1-0: Foul Ball, location: 2F 1-1: Ball 2-1: Called Strike 2-2: Strikes out looking
|
| Bottom of the 5th over - 1 run, 1 hit, 1 error, 1 left on base; Charleston 1 - Lake County 2 |
| TOP OF THE 6TH |
|
Charleston RiverDogs batting - Pitching for Lake County Captains : RHP Gilbert Paparelli
|
|
Batting: LHB Justin O'Neal
|
0-0: Ball 1-0: Ball 2-0: Swinging Strike 2-1: Foul Ball, location: 2F 2-2: Strikes out swinging
|
|
Batting: RHB Iften Olujimi
|
0-0: Foul Ball, location: 2F 0-1: Foul Ball, location: 2F 0-2: Foul Ball, location: 2F 0-2: Ball 1-2: Ball 2-2: Ball 3-2: Ground out U3 (Groundball, 3, EV 86.9 MPH)
|
|
Batting: RHB Bryan Westray
|
0-0: Called Strike 0-1: Ball 1-1: Foul Ball, location: 2F 1-2: Ball 2-2: SOLO HOME RUN (Flyball, 78XD, EV 116.2 MPH), Distance : 446 ft
|
|
Batting: RHB Bill Nguyen-Tan
|
0-0: Called Strike 0-1: Foul Ball, location: 2F 0-2: Strikes out swinging
|
| Top of the 6th over - 1 run, 1 hit, 0 errors, 0 left on base; Charleston 2 - Lake County 2 |
| BOTTOM OF THE 6TH |
|
Lake County Captains batting - Pitching for Charleston RiverDogs : RHP Bill Setzer
|
|
Pitching: RHP Austin Trzcinski
|
|
|
Batting: LHB Danny Moreno
|
0-0: Ball 1-0: Foul Ball, location: 2F 1-1: Foul Ball, location: 2F 1-2: Strikes out looking
|
|
Batting: RHB Ricky Butts
|
0-0: Ball 1-0: Foul Ball, location: 2F 1-1: Foul Ball, location: 2F 1-2: Fly out, F9 (Flyball, 9D, EV 103.1 MPH)
|
|
Batting: RHB Shane Smith
|
0-0: Reached on error, E3 (Groundball, 34, EV 100.6 MPH)
|
|
Batting: RHB Josh Stinnett
|
0-0: Called Strike 0-1: Swinging Strike 0-2: Ball 1-2: Ball 2-2: Ball 3-2: Fly out, F9 (Line Drive, 9, EV 98.1 MPH)
|
| Bottom of the 6th over - 0 runs, 0 hits, 1 error, 1 left on base; Charleston 2 - Lake County 2 |
| TOP OF THE 7TH |
|
Charleston RiverDogs batting - Pitching for Lake County Captains : RHP Gilbert Paparelli
|
|
Pitching: RHP Victor Amador
|
|
|
Batting: LHB Sean Trueblood
|
0-0: Ball 1-0: Swinging Strike 1-1: Ball 2-1: SINGLE (Line Drive, 78S, EV 110.0 MPH)
|
|
Pinch Hitting: LHB Marc Durgin
|
0-0: Bunt missed! 0-1: Ball Sean Trueblood steals 2nd base 1-1: Intentional Walk
|
|
Batting: RHB Matt Alderson
|
0-0: Called Strike 0-1: Ball 1-1: Called Strike 1-2: Foul Ball, location: 2F 1-2: Ball 2-2: Ball 3-2: Foul Ball, location: 2F 3-2: Foul Ball, location: 2F 3-2: Strikes out swinging
|
|
Pinch Hitting: LHB Dale Anderson
|
0-0: Ball 1-0: Called Strike 1-1: SINGLE (Groundball, 34D, EV 96.9 MPH) Sean Trueblood to third Marc Durgin to second Runner from 3rd tries for Home, throw by RF and OUT! 9-2 Marc Durgin to third Dale Anderson to second
|
|
Batting: SHB Houston Phillips
|
0-0: Called Strike 0-1: Foul Ball, location: 2F 0-2: Strikes out swinging
|
| Top of the 7th over - 0 runs, 2 hits, 0 errors, 2 left on base; Charleston 2 - Lake County 2 |
| BOTTOM OF THE 7TH |
|
Lake County Captains batting - Pitching for Charleston RiverDogs : RHP Austin Trzcinski
|
|
Now at 3B: Lorenzo Vasquez
|
|
|
Now in LF: Bryan Westray
|
|
|
Now in CF: Marc Durgin
|
|
|
Now in RF: Bill Nguyen-Tan
|
|
|
Batting: RHB Seth Rutz
|
0-0: Ball 1-0: Called Strike 1-1: Ball 2-1: Foul Ball, location: 2F 2-2: Ball 3-2: Foul Ball, location: 2F 3-2: Strikes out swinging
|
|
Batting: RHB Vij Ramamani
|
0-0: Ball 1-0: Ground out 6-3 (Groundball, 6MD, EV 98.1 MPH)
|
|
Batting: RHB Chris Rosinsky
|
0-0: Called Strike 0-1: Ball 1-1: Ball 2-1: Foul Ball, location: 2F 2-2: Foul Ball, location: 2F 2-2: Strikes out swinging
|
| Bottom of the 7th over - 0 runs, 0 hits, 0 errors, 0 left on base; Charleston 2 - Lake County 2 |
| TOP OF THE 8TH |
|
Charleston RiverDogs batting - Pitching for Lake County Captains : RHP Victor Amador
|
|
Pitching: RHP Malachi Shelton
|
|
|
Batting: LHB Justin O'Neal
|
0-0: Called Strike 0-1: Swinging Strike 0-2: Ball 1-2: Ground out U3 (Groundball, 34, EV 100.0 MPH)
|
|
Pinch Hitting: LHB Jeremiah Walker
|
0-0: Ball 1-0: Called Strike 1-1: SINGLE (Groundball, 6D, EV 96.2 MPH)
|
|
Batting: RHB Bryan Westray
|
0-0: Swinging Strike 0-1: Swinging Strike 0-2: Strikes out swinging
|
|
Batting: RHB Bill Nguyen-Tan
|
0-0: Ball 1-0: Ball 2-0: Swinging Strike 2-1: Ball 3-1: Called Strike 3-2: Strikes out looking
|
| Top of the 8th over - 0 runs, 1 hit, 0 errors, 1 left on base; Charleston 2 - Lake County 2 |
| BOTTOM OF THE 8TH |
|
Lake County Captains batting - Pitching for Charleston RiverDogs : RHP Austin Trzcinski
|
|
Now at 1B: Jeremiah Walker
|
|
|
Batting: RHB Steve Gusman
|
0-0: Called Strike 0-1: Called Strike 0-2: Foul Ball, location: 2F 0-2: Ball 1-2: SINGLE (Line Drive, 3L, EV 101.9 MPH)
|
|
Batting: RHB Reynaldo Herrera
|
0-0: Ball Steve Gusman is caught stealing 2nd base 2-4 1-0: Called Strike 1-1: Foul Ball, location: 2F 1-2: DOUBLE (Flyball, 8LXD, EV 113.1 MPH)
|
|
Batting: LHB Danny Moreno
|
0-0: Intentional Walk
|
|
Batting: RHB Ricky Butts
|
0-0: Ball 1-0: Foul Ball, location: 2F 1-1: Fly out, F4 (Popup, 4, EV 69.4 MPH)
|
|
Batting: RHB Shane Smith
|
0-0: Foul Ball, location: 2F 0-1: Foul Ball, location: 2F 0-2: Ball 1-2: Ball 2-2: Fly out, F9 (Flyball, 9, EV 88.8 MPH)
|
| Bottom of the 8th over - 0 runs, 2 hits, 0 errors, 2 left on base; Charleston 2 - Lake County 2 |
| TOP OF THE 9TH |
|
Charleston RiverDogs batting - Pitching for Lake County Captains : RHP Malachi Shelton
|
|
Batting: LHB Sean Trueblood
|
0-0: Foul Ball, location: 2F 0-1: Called Strike 0-2: Foul Ball, location: 2F 0-2: Ball 1-2: SINGLE (Line Drive, 6MD, EV 95.6 MPH)
|
|
Batting: LHB Marc Durgin
|
0-0: Ball 1-0: Sac Bunt to 13 - play at first, batter OUT! 1-3 Sean Trueblood to second
|
|
Batting: RHB Matt Alderson
|
0-0: Hit by Pitch
|
|
Batting: RHB Lorenzo Vasquez
|
0-0: Ball 1-0: SINGLE (Groundball, 25, EV 73.8 MPH) (infield hit) Sean Trueblood to third Matt Alderson to second
|
|
Batting: SHB Houston Phillips
|
0-0: Called Strike 0-1: Ball 1-1: Grounds into double play, 3-2-3 (Groundball, 3, EV 88.1 MPH)
|
| Top of the 9th over - 0 runs, 2 hits, 0 errors, 2 left on base; Charleston 2 - Lake County 2 |
| BOTTOM OF THE 9TH |
|
Lake County Captains batting - Pitching for Charleston RiverDogs : RHP Austin Trzcinski
|
|
Pitching: RHP Khayyat bin Faruq
|
|
|
Batting: RHB Josh Stinnett
|
0-0: Called Strike 0-1: Foul Ball, location: 2F 0-2: Ball 1-2: Ball 2-2: Ball 3-2: Base on Balls
|
|
Batting: RHB Seth Rutz
|
0-0: Ball 1-0: SINGLE (Groundball, 56D, EV 94.4 MPH) Josh Stinnett to second
|
|
Batting: RHB Vij Ramamani
|
0-0: Called Strike 0-1: Ball 1-1: Called Strike 1-2: Strikes out swinging
|
|
Batting: RHB Chris Rosinsky
|
0-0: Ball 1-0: Ball 2-0: Ball 3-0: Base on Balls Josh Stinnett to third Seth Rutz to second
|
|
Batting: RHB Steve Gusman
|
0-0: Ball 1-0: Called Strike 1-1: Foul Ball, location: 2F 1-2: Ball 2-2: Ball 3-2: Foul Ball, location: 2F 3-2: Foul Ball, location: 2F 3-2: Grounds into fielders choice 4-2 (Groundball, 4, EV 86.9 MPH) Seth Rutz to third Chris Rosinsky to second
|
|
Batting: RHB Reynaldo Herrera
|
0-0: Fielders Choice at 2nd, 5-4 (Groundball, 5, EV 88.8 MPH)
|
| Bottom of the 9th over - 0 runs, 1 hit, 0 errors, 3 left on base; Charleston 2 - Lake County 2 |
| TOP OF THE 10TH |
|
Charleston RiverDogs batting - Pitching for Lake County Captains : RHP Malachi Shelton
|
|
Batting: LHB Justin O'Neal
|
0-0: Ball 1-0: Ball 2-0: Called Strike 2-1: Swinging Strike 2-2: Ball 3-2: Base on Balls
|
|
Batting: LHB Jeremiah Walker
|
0-0: Called Strike 0-1: Ball 1-1: Foul Ball, location: 2F 1-2: Fly out, F3 (Line Drive, 3, EV 68.1 MPH) Lined into DP, U3 (Line Drive, 3, EV 72.5 MPH)
|
|
Batting: RHB Bryan Westray
|
0-0: Ball 1-0: Ball 2-0: Ground out 5-3 (Groundball, 56, EV 80.6 MPH)
|
| Top of the 10th over - 0 runs, 0 hits, 0 errors, 0 left on base; Charleston 2 - Lake County 2 |
| BOTTOM OF THE 10TH |
|
Lake County Captains batting - Pitching for Charleston RiverDogs : RHP Khayyat bin Faruq
|
|
Pitching: RHP Mark Stafford
|
|
|
Batting: LHB Danny Moreno
|
0-0: Ball 1-0: Ball 2-0: Ground out U3 (Groundball, 3, EV 89.4 MPH)
|
|
Batting: RHB Ricky Butts
|
0-0: Swinging Strike 0-1: Swinging Strike 0-2: Strikes out swinging
|
|
Batting: RHB Shane Smith
|
0-0: Ball 1-0: Called Strike 1-1: Fly out, F8 (Line Drive, 8LD, EV 90.6 MPH)
|
| Bottom of the 10th over - 0 runs, 0 hits, 0 errors, 0 left on base; Charleston 2 - Lake County 2 |
| TOP OF THE 11TH |
|
Charleston RiverDogs batting - Pitching for Lake County Captains : RHP Malachi Shelton
|
|
Batting: RHB Bill Nguyen-Tan
|
0-0: Called Strike 0-1: Called Strike 0-2: Ball 1-2: Strikes out swinging
|
|
Batting: LHB Sean Trueblood
|
0-0: Called Strike 0-1: Swinging Strike 0-2: Ball 1-2: Strikes out swinging
|
|
Batting: LHB Marc Durgin
|
0-0: SINGLE (Groundball, 6MD, EV 103.1 MPH)
|
|
Batting: RHB Matt Alderson
|
0-0: Ball 1-0: Fielders Choice at 2nd, 5-4 (Groundball, 56, EV 81.2 MPH)
|
| Top of the 11th over - 0 runs, 1 hit, 0 errors, 1 left on base; Charleston 2 - Lake County 2 |
| BOTTOM OF THE 11TH |
|
Lake County Captains batting - Pitching for Charleston RiverDogs : RHP Mark Stafford
|
|
Batting: RHB Josh Stinnett
|
0-0: Called Strike 0-1: Ball 1-1: Called Strike 1-2: Ball 2-2: Foul Ball, location: 2F 2-2: Strikes out looking
|
|
Batting: RHB Seth Rutz
|
0-0: Ball 1-0: Ball 2-0: Called Strike 2-1: Fly out, F8 (Flyball, 8RD, EV 105.0 MPH)
|
|
Batting: RHB Vij Ramamani
|
0-0: Called Strike 0-1: SINGLE (Flyball, 9S, EV 96.2 MPH)
|
|
Pitching: RHP Joe Shaw
|
|
|
Batting: RHB Chris Rosinsky
|
0-0: Ball 1-0: Ball 2-0: Swinging Strike 2-1: SINGLE (Groundball, 6MD, EV 102.5 MPH) Vij Ramamani to second Runner from 2nd tries for 3rd, SAFE, no throw by CF
|
|
Batting: RHB Steve Gusman
|
0-0: Ball 1-0: SINGLE (Flyball, 56D, EV 95.6 MPH) Vij Ramamani scores
|
| Bottom of the 11th over - 1 run, 3 hits, 0 errors, 1 left on base; Charleston 2 - Lake County 3 |
|